Map: Arctic Dream LE

Players

Stanley

  • Race: Protoss Protoss
  • Spawn Location: 5:00

Overmind

  • Race: Terran Terran
  • Spawn Location: 6:00

qqq - Winner!

  • Race: Zerg Zerg
  • Spawn Location: 12:00

Massa - Winner!

  • Race: Terran Terran
  • League: Platinum
  • Spawn Location: 11:00

VOD

Have the link to the VOD?

Description

Time

  • Played on: Nov. 7, 2020, 5:52 a.m.
  • Length: 6:09
Show
View Real Time Build Order
Export as new Build Order

Stanley Protoss 

Build Orders:  

Get SALT Encoding   

  12  0:00  Probe  
  13  0:15  Pylon  
  13  0:19  Probe  
  14  0:35  Gateway  
  14  0:36  Probe  
  14  0:40  Assimilator  
  15  0:48  Probe (Chrono Boost)  
  16  0:58  Assimilator  
  16  1:00  Probe (Chrono Boost)  
  17  1:08  Probe (Chrono Boost)  
  18  1:14  Probe  
  19  1:26  Probe  
  19  1:28  Cybernetics Core  
  19  1:32  Pylon  
  20  1:38  Probe  
  21  1:50  Probe  
  22  2:11  Nexus  
  22  2:12  Protoss Air Weapons Level 1 (Chrono Boost)  
  22  2:22  Adept  
  24  2:47  Stargate  
  24  2:59  Stalker  
  26  3:06  Stargate  
  26  3:43  Pylon  
  26  3:46  Fleet Beacon  
  26  3:53  Probe (Chrono Boost)  
  28  3:56  Probe (Chrono Boost)  
  29  4:02  Probe (Chrono Boost)  
  29  4:05  Probe (Chrono Boost)  
  29  4:07  Probe (Chrono Boost)  
  29  4:09  Protoss Air Armor Level 1 (Chrono Boost)  
  31  4:12  Assimilator  
  31  4:15  Probe, Assimilator  
  32  4:19  Probe  
  33  4:27  Probe  
  34  4:31  Probe, Pylon  
  35  4:39  Probe  
  35  4:43  Probe  
  43  4:52  Probe  
  44  4:55  Probe  
  44  4:58  Cybernetics Core  
  45  5:04  Probe  
  44  5:07  Probe  
  43  5:19  Probe  
  42  5:32  Probe  
Show
View Real Time Build Order
Export as new Build Order

Overmind Terran 

Build Orders: Reaper Expand 

Get SALT Encoding   

  12  0:00  SCV  
  13  0:12  SCV  
  14  0:18  Supply Depot  
  14  0:25  SCV  
  15  0:40  SCV  
  15  0:42  Barracks  
  16  0:46  Refinery  
  16  0:52  SCV  
  18  1:04  SCV  
  18  1:16  SCV  
  19  1:30  Orbital Command, Reaper  
  20  1:43  Command Center  
  20  1:48  Refinery  
  20  1:55  SCV  
  20  2:00  Supply Depot  
  21  2:03  Barracks Reactor  
  21  2:07  SCV  
  22  2:19  SCV  
  22  2:21  Factory  
  23  2:31  SCV  
  24  2:39  Marine  
  24  2:40  Marine  
  24  2:43  SCV  
  26  2:46  Barracks  
  26  2:55  Orbital Command  
  26  2:56  SCV  
  27  2:59  Marine x2  
  29  3:06  Factory Tech Lab  
  29  3:08  SCV  
  30  3:17  Marine  
  31  3:20  SCV  
  31  3:23  Marine  
  31  3:24  Starport  
  33  3:29  SCV  
  33  3:32  SCV  
  35  3:35  Marine, Siege Tank  
  39  3:42  SCV  
  39  3:43  Barracks Tech Lab  
  39  3:44  SCV  
  39  3:47  Supply Depot  
  41  3:54  SCV  
  42  3:56  SCV  
  42  4:02  Starport Reactor  
  43  4:04  Supply Depot  
  43  4:05  Stimpack  
  43  4:06  SCV, Marine x2  
  43  4:08  SCV  
  47  4:12  Supply Depot  
  47  4:17  Refinery  
  47  4:18  SCV  
  47  4:20  SCV  
  47  4:23  Marine  
  47  4:24  Marine  
  50  4:26  Siege Tank  
  50  4:30  SCV  
  55  4:31  Supply Depot  
  55  4:32  SCV  
  56  4:40  Medivac x2  
  56  4:44  Supply Depot  
  56  4:45  SCV x2  
  62  4:48  Engineering Bay  
  62  4:57  SCV, Marine x2  
  62  4:58  Marine  
  66  5:03  SCV  
  67  5:15  Command Center  
  67  5:18  Marine x2  
  67  5:19  Marine  
  67  5:20  Siege Tank  
  73  5:36  Marine  
  73  5:38  Marine x2  
Show
View Real Time Build Order
Export as new Build Order

qqq Zerg - Winner!

Build Orders: Hatch First 

Get SALT Encoding   

  12  0:01  Drone  
  13  0:08  Drone  
  14  0:36  Hatchery  
  13  0:44  Overlord  
  13  0:46  Drone  
  14  1:05  Spawning Pool  
  14  1:10  Drone  
  14  1:14  Drone  
  14  1:16  Extractor  
  14  1:19  Drone  
  15  1:33  Drone  
  15  1:34  Drone  
  17  1:43  Drone  
  18  1:52  Queen  
  18  1:54  Drone  
  21  1:55  Drone  
  22  2:01  Drone  
  22  2:05  Drone  
  24  2:14  Queen  
  26  2:17  Drone  
  27  2:24  Metabolic Boost  
  27  2:29  Overlord  
  27  2:33  Drone  
  28  2:41  Overlord  
  28  2:49  Drone, Evolution Chamber  
  28  2:50  Zergling x2  
  29  2:52  Drone  
  29  2:53  Drone  
  31  3:06  Zergling x8  
  31  3:08  Drone  
  36  3:13  Zergling x2  
  36  3:15  Zerg Melee Weapons Level 1  
  37  3:20  Zergling x2  
  37  3:21  Drone  
  39  3:28  Overlord  
  39  3:29  Zergling x4  
  41  3:36  Lair  
  41  3:42  Zergling x2  
  41  3:45  Drone  
  41  3:46  Zergling x4  
  45  3:56  Zergling x2  
  45  4:02  Drone  
  47  4:03  Drone  
  47  4:04  Evolution Chamber  
  47  4:11  Zergling x4  
  47  4:14  Zergling x2  
  49  4:19  Overlord  
  49  4:21  Zergling x2  
  50  4:25  Hatchery  
  50  4:28  Zergling x2  
  50  4:29  Zergling x4  
  50  4:31  Overlord  
  52  4:43  Zergling x2  
  53  4:52  Zergling x6  
  56  4:56  Zergling x2  
  56  4:57  Drone, Zergling x4  
  58  5:26  Zergling x2  
  58  5:27  Zergling x6  
Show
View Real Time Build Order
Export as new Build Order

Massa Terran - Winner!

Build Orders: Reaper Expand 

Get SALT Encoding   

  12  0:01  SCV  
  13  0:13  SCV  
  14  0:18  Supply Depot  
  14  0:25  SCV  
  15  0:39  SCV  
  15  0:41  Barracks  
  16  0:47  Refinery  
  16  0:51  SCV  
  17  1:02  Supply Depot  
  17  1:04  SCV  
  18  1:16  SCV  
  19  1:32  Reaper  
  20  1:42  SCV  
  20  1:43  Command Center  
  21  1:54  Orbital Command  
  21  2:03  Marine  
  22  2:17  Factory  
  22  2:19  SCV  
  23  2:29  Supply Depot  
  23  2:32  SCV  
  23  2:50  SCV  
  24  2:52  Barracks Reactor  
  24  2:56  Command Center  
  24  2:58  Orbital Command  
  24  3:01  Factory Tech Lab  
  24  3:02  SCV  
  25  3:29  SCV x2  
  27  3:34  Siege Tank  
  27  3:35  Marine x2  
  27  3:41  Refinery, SCV  
  32  3:43  Engineering Bay  
  32  3:46  Barracks  
  33  3:53  Marine x2  
  35  4:03  Starport  
  35  4:10  Orbital Command  
  35  4:11  Marine x2  
  35  4:12  SCV  
  35  4:13  SCV  
  39  4:24  Barracks  
  39  4:25  SCV x2  
  39  4:29  Barracks  
  41  4:33  Barracks Tech Lab  
  41  4:36  Marine  
  41  4:37  SCV x2, Marine  
  45  4:41  Medivac  
  47  4:49  Siege Tank  
  47  4:50  SCV x3  
  53  4:54  Marine  
  53  4:56  Refinery  
  53  4:57  Refinery  
  54  5:02  SCV  
  54  5:03  Missile Turret  
  54  5:06  Marauder  
  57  5:07  Marine  
  57  5:17  Marine  
  58  5:22  Liberator  
  58  5:25  Marine  
  58  5:26  Orbital Command  
  62  5:30  SCV x2  
  64  5:39  Marauder  
  64  5:42  Barracks Reactor, SCV x2, Barracks Tech Lab  
  68  5:53  SCV  
  69  6:01  Supply Depot  
  69  6:05  Supply Depot  
  69  6:08  Supply Depot  
Tags
 
Add a new tag
Caveats
  • Supply blocks, unpowered buildings, or Contaminate may cause inaccurate times.
  • Supply counts are checked every 10 seconds.